 Dungeon Crawl Stone Soup version 0.31-a0-229-g1fc7ce93e2 (webtiles) character file.

Game seed: 771367216420168488

33629 pokeman the Eclecticist (level 13, -7/72 HPs)
             Began as a Deep Elf Hedge Wizard on July 6, 2023.
             Was an Elder of Vehumet.
             Killed from afar by an ice dragon (14 damage)
             ... with a blast of cold
             ... in an ice cave.
             The game lasted 00:51:29 (17873 turns).

pokeman the Eclecticist (Deep Elf Hedge Wizard)    Turns: 17873, Time: 00:51:30

Health: -7/72      AC: 12    Str:  7    XL:     13   Next: 37%
Magic:  8/37       EV: 15    Int: 28    God:    Vehumet [****..]
Gold:   779        SH:  0    Dex: 14    Spells: 25/49 levels left

rFire   + . .        O - +10 war axe of the Inferno {flame, rCorr}
rCold   + + .        (no shield)
rNeg    . . .        a - +0 swamp dragon scales
rPois   +            M - +2 hat {Int+3}
rElec   .            l - scarf {rC+ rF+}
rCorr   +            k - +0 pair of gloves
SInv    .            (no boots)
Will    +....        (no amulet)
Stlth   ++           t - +5 ring of evasion
HPRegen 0.32/turn    C - ring of protection from cold
MPRegen 0.25/turn

%: no passive effects
@: about to teleport
A: no striking features
a: Renounce Religion


You were in an ice cave.
You worshipped Vehumet.
Vehumet was greatly pleased with you.
You visited 2 branches of the dungeon, and saw 15 of its levels.
You also visited: Ice Cave.

You collected 900 gold pieces.
You spent 121 gold pieces at shops.

Inventory:

Hand Weapons
 O - the +10 war axe of the Inferno (weapon) {flame, rCorr}
   (You found it on level 9 of the Dungeon)

   rCorr:     It protects you from acid and corrosion.
Missiles
 x - 2 throwing nets
Armour
 a - +0 swamp dragon scales (worn)
 k - a +0 pair of gloves (worn)
 l - a scarf of resistance (worn)
 M - a +2 hat of intelligence (worn)
 V - a +0 buckler
Magical Staves
 A - a staff of death
Jewellery
 t - a +5 ring of evasion (left hand)
 C - a ring of protection from cold (right hand)
 J - a ring of protection from fire
Wands
 b - a wand of digging (4)
 y - a wand of light (6)
 I - a wand of roots (6)
Scrolls
 i - 2 scrolls of blinking
 r - 4 scrolls of revelation
 E - 6 scrolls of teleportation
 T - a scroll of immolation {unknown}
 U - a scroll of fear {unknown}
Potions
 d - 2 potions of magic
 f - 7 potions of heal wounds
 g - 7 potions of curing
 p - a potion of haste
 q - 2 potions of attraction {unknown}
 s - 3 potions of brilliance {unknown}
 w - 2 potions of berserk rage {unknown}
 B - 3 potions of degeneration {unknown}
 H - a potion of lignification {unknown}
 Q - a potion of ambrosia {unknown}
 R - a potion of cancellation {unknown}
Miscellaneous
 N - a piece from Xom's chessboard (15/15)


   Skills:
 + Level 5.2 Fighting
 - Level 6.4 Armour
 - Level 3.2 Dodging
 - Level 3.2 Stealth
 * Level 18.7 Spellcasting
 + Level 11.3 Conjurations
 - Level 1.1 Summonings
 + Level 1.5 Necromancy
 - Level 1.1 Translocations
 + Level 1.2 Transmutations
 - Level 1.0 Air Magic
 + Level 11.5 Earth Magic
 - Level 1.0 Poison Magic
 + Level 1.3 Evocations


You had 25 spell levels left.
You knew the following spells:

 Your Spells              Type           Power      Damage    Failure   Level
a - Magic Dart            Conj           100%       1d8       1%          1
b - Mephitic Cloud        Conj/Pois/Air  50%        N/A       1%          3
c - Call Imp              Summ           64%        N/A       4%          2
d - Blink                 Tloc           64%        N/A       4%          2
e - Lee's Rapid Deconstr  Erth           37%        3d18*     1%          5
f - Leda's Unmaking       Conj/Erth      37%        9d6       1%          6
g - Irradiate             Conj/Tmut      28%        3d21      2%          5

Your spell library contained the following spells:

 Spells                   Type           Power      Damage    Failure   Level
 Necrotise                Necr           100%       1d9       2%          1
 Slow                     Hex            100%       N/A       4%          1
 Cigotuvi's Dreadful Rot  Necr/Pois/Air  66%        N/A       4%          2
 Leda's Liquefaction      Hex/Erth       27%        N/A       4%          4
 Vampiric Draining        Necr           35%        2d8       8%          3
 Confusing Touch          Hex            26%        N/A       14%         3
 Dispel Undead            Necr           35%        3d15      24%         4
 Statue Form              Tmut/Erth      38%        N/A       45%         6
 Agony                    Necr           35%        N/A       56%         5
 Summon Forest            Summ/Tloc      16%        N/A       63%         5
 Summon Mana Viper        Hex/Summ       29%        N/A       71%         5
 Death Channel            Necr           17%        N/A       98%         6
 Summon Cactus Giant      Summ           16%        N/A       99%         6


Dungeon Overview and Level Annotations

Branches:
Dungeon (14/15)            Temple (1/1) D:4            Lair (0/5) D:9
    Orc (0/2) D:11          IceCv (1/1)
 Vaults: D:13-14

Altars:
Ashenzari
Cheibriados
Dithmenos
Elyvilon
Fedhas
Gozag
Hepliaklqana
Kikubaaqudgha
Makhleb
Nemelex Xobeh
Okawaru
Qazlal
Ru
Sif Muna
Trog
Uskayaw
Vehumet
Wu Jian
Xom
Yredelemnul
Zin
The Shining One

Shops:
D:5 *   D:6 ?   D:8 (   D:11 [


Message History

The ball explodes into a vile cloud!
The stinking cloud engulfs the ice dragon but does no damage.
The ice dragon is severely wounded.
The stinking cloud engulfs the ice dragon but does no damage.
The ice dragon is moderately wounded.
The stinking cloud engulfs the white ugly thing but does no damage.
The white ugly thing is moderately wounded.
The stinking cloud engulfs the white ugly thing but does no damage. x2
The ice dragon is no longer blind.
The white ugly thing is engulfed in noxious fumes.
The white ugly thing appears confused.
The white ugly thing basks in the mutagenic energy from its kin and changes!
The white ugly thing is engulfed in noxious fumes.
The white ugly thing appears confused.
The white ugly thing tentacle-slaps the cyan ugly thing.
The white ugly thing freezes the cyan ugly thing!!
The white ugly thing is engulfed in noxious fumes.
A rime drake comes into view.
Unknown command.
Press: ? - help, v - describe, . - travel
Here: an ice dragon (noxious fumes, moderately wounded, blind, catching its breath)
An ice choked empty arch of ancient stone.
Unknown command.
Unknown command.
Aiming: Bolt of Light
Press: ? - help, Shift-Dir - straight line, p - ice dragon The bolt of light hits the ice dragon!
The ice dragon is severely wounded.
The ice dragon is blinded.
The bolt of light hits the ice dragon!
The ice dragon is moderately wounded.
The polar bear seems less confused.
The ice dragon is no longer blind.
The white ugly thing is engulfed in noxious fumes. x2
The white ugly thing appears confused.
The white ugly thing tentacle-slaps the polar bear.
The white ugly thing freezes the polar bear!
The polar bear resists.
The ice dragon breathes frost at you.
The blast of cold hits the white ugly thing!
The white ugly thing resists.
The blast of cold hits you! You resist.
You die...

#### ##..##
##....###
#..§§☼..##..
#.∩D○○......
#@uDuuhk...#
##†h..##..##
##..## ##
####


You could see 2 ice dragons, 3 ugly things, 2 polar bears and a rime drake.

Vanquished Creatures
  Rupert (D:12)
  Gastronok (D:8)
  An azure jelly (D:14)
  The ghost of innerfire43 the Spear-Bearer, a journeyman DsMo of Cheibriados (D:13)
  2 catoblepae
  A hydra (D:11)
  2 boulder beetles (D:11)
  6 two-headed ogres
  2 centaur warriors (D:13)
  A tengu warrior (D:14)
  Urug (D:10)
  Amaemon (D:8)
  A deep troll (D:13)
  A spectral wolf spider (D:13)
  A deep elf pyromancer (D:12)
  4 manticores
  A cyclops (D:13)
  A spectral centaur (D:13)
  A centaur zombie (D:13)
  8 slime creatures (D:12)
  A gargoyle (D:12)
  An orange demon (D:8)
  Psyche (D:8)
  2 rime drakes (IceCv)
  Maggie (D:7)
  2 unseen horrors
  An efreet (D:14)
  2 freezing wraiths (D:14)
  A polar bear (IceCv)
  A hornet (D:8)
  A hornet (shapeshifter) (D:13)
  7 trolls
  Grinder (D:3)
  2 spectral meliai (D:13)
  Sigmund (D:4)
  2 centaur simulacra (D:13)
  A vampire (D:12)
  A water elemental (D:12)
  6 humans (D:10)
  2 shadows
  12 yaks
  4 wraiths
  Grum (D:8)
  A basilisk (D:11)
  2 steam dragons
  6 vampire mosquitoes
  Duvessa (D:7)
  An acid dragon (D:11)
  4 orc warriors
  3 black bears
  2 sky beasts (D:7)
  2 ice beasts
  4 ogres
  2 centaurs
  3 wolves (D:8)
  A phantom (D:7)
  5 bullfrogs
  A kobold brigand (D:11)
  4 scorpions
  Dowan (D:7)
  A killer bee (D:11)
  2 electric eels (D:10)
  3 howler monkeys
  4 hounds
  5 orc priests
  A jelly (D:8)
  3 sleepcaps
  Crazy Yiuf (D:6)
  6 iguanas
  10 orc wizards
  4 gnolls
  12 adders
  3 shadow imps
  2 white imps
  3 worms
  6 dart slugs
  24 orcs
  8 bats
  8 endoplasms
  3 giant cockroaches
  4 goblins
  10 hobgoblins
  2 jackals (D:2)
  6 kobolds
  4 quokkas
  6 ball pythons
  A frilled lizard (D:3)
  5 rats
282 creatures vanquished.

Vanquished Creatures (collateral kills)
  A rat (D:3)
1 creature vanquished.

Vanquished Creatures (others)
  An unseen horror (D:10)
  An electric eel (D:10)
2 creatures vanquished.

Grand Total: 285 creatures vanquished

Notes
Turn   | Place    | Note
-------+----------+-------------------------------------------
     0 | D:1      | pokeman the Deep Elf Hedge Wizard began the quest for the
                  | Orb.
     0 | D:1      | Reached XP level 1. HP: 10/10 MP: 7/7
   146 | D:1      | Reached XP level 2. HP: 16/16 MP: 4/9
   749 | D:1      | Reached skill level 5 in Spellcasting
  1050 | D:1      | Reached XP level 3. HP: 18/20 MP: 7/11
  1054 | D:1      | Learned a level 3 spell: Mephitic Cloud
  1057 | D:1      | Learned a level 2 spell: Call Imp
  1060 | D:1      | Learned a level 2 spell: Blink
  1346 | D:1      | Reached skill level 1 in Fighting
  1558 | D:2      | Reached skill level 1 in Armour
  1723 | D:2      | Reached XP level 4. HP: 25/25 MP: 3/13
  2350 | D:2      | Found the +7 staff of the Meek {protect, meekguard}
  3027 | D:3      | Noticed an ogre
  3035 | D:3      | Killed an ogre
  3036 | D:3      | Reached skill level 6 in Spellcasting
  3036 | D:3      | Reached XP level 5. HP: 25/29 MP: 3/15
  3473 | D:3      | Noticed Grinder
  3476 | D:3      | Paralysed by Grinder for 5 turns
  3621 | D:3      | Learned a level 5 spell: Lee's Rapid Deconstruction
  3702 | D:3      | Reached XP level 6. HP: 26/34 MP: 12/17
  3748 | D:3      | Reached skill level 1 in Poison Magic
  3842 | D:3      | Killed Grinder
  4139 | D:4      | Reached skill level 1 in Air Magic
  4360 | D:4      | Reached XP level 7. HP: 38/38 MP: 11/19
  4437 | D:4      | Reached skill level 7 in Spellcasting
  4463 | D:4      | Found a sparkling altar of Nemelex Xobeh.
  4511 | D:4      | Found a staircase to the Ecumenical Temple.
  4520 | Temple   | Entered the Ecumenical Temple
  4817 | Temple   | Became a worshipper of Vehumet
  5130 | D:4      | Noticed Sigmund
  5144 | D:4      | Killed Sigmund
  5189 | D:4      | Reached skill level 8 in Spellcasting
  5572 | D:5      | Entered Level 5 of the Dungeon
  5833 | D:5      | Found Rofor's Fire Supplies.
  5888 | D:5      | Found an iron altar of Okawaru.
  5984 | D:5      | Noticed a two-headed ogre
  6073 | D:5      | Killed a two-headed ogre
  6074 | D:5      | Reached skill level 9 in Spellcasting
  6074 | D:5      | Reached skill level 5 in Earth Magic
  6074 | D:5      | Reached XP level 8. HP: 43/44 MP: 2/23
  6508 | D:5      | Reached skill level 5 in Conjurations
  6823 | D:6      | Reached skill level 10 in Spellcasting
  6840 | D:6      | Reached XP level 9. HP: 40/48 MP: 6/25
  6846 | D:6      | Found an opulent altar of Gozag.
  7108 | D:6      | Reached * piety under Vehumet
  7108 | D:6      | Offered knowledge of Freeze by Vehumet.
  7135 | D:6      | Reached skill level 11 in Spellcasting
  7337 | D:6      | Found Ynyaluck's Magic Scroll Shop.
  7343 | D:6      | Bought a scroll of teleportation for 33 gold pieces
  7343 | D:6      | Bought 3 scrolls of identify for 66 gold pieces
  7343 | D:6      | Bought a scroll of identify for 22 gold pieces
  7871 | D:6      | Found a runed translucent door.
  7872 | D:6      | Noticed Crazy Yiuf
  7891 | D:6      | Killed Crazy Yiuf
  8016 | D:7      | Noticed Duvessa
  8022 | D:7      | Noticed Dowan
  8053 | D:7      | Killed Duvessa
  8060 | D:7      | Killed Dowan
  8090 | D:7      | Found a sacrificial altar of Ru.
  8107 | D:7      | Reached skill level 12 in Spellcasting
  8208 | D:7      | Noticed Maggie
  8278 | D:7      | Killed Maggie
  8372 | D:7      | Reached XP level 10. HP: 44/53 MP: 23/28
  8927 | D:7      | Found a broken altar of Ashenzari.
  9018 | D:7      | Reached ** piety under Vehumet
  9050 | D:7      | Found an ornate altar of the Wu Jian Council.
  9120 | D:8      | Offered knowledge of Searing Ray by Vehumet.
  9229 | D:8      | Found Quevid's Weapon Shoppe.
  9361 | D:8      | Noticed Grum
  9371 | D:8      | Killed Grum
  9372 | D:8      | Reached skill level 13 in Spellcasting
  9428 | D:8      | Noticed Psyche
  9437 | D:8      | Killed Psyche
  9695 | D:8      | You fall into a shaft and drop 2 floors!
  9695 | D:10     | Entered Level 10 of the Dungeon
  9789 | D:9      | Found a shadowy altar of Dithmenos.
 10158 | D:8      | Noticed Amaemon
 10161 | D:8      | Noticed an orange demon
 10165 | D:8      | Killed Amaemon
 10166 | D:8      | Killed an orange demon
 10582 | D:8      | Noticed Gastronok
 10606 | D:8      | Killed Gastronok
 10607 | D:8      | Reached skill level 14 in Spellcasting
 10607 | D:8      | Reached XP level 11. HP: 44/61 MP: 13/31
 10880 | D:6      | Offered knowledge of Stone Arrow by Vehumet.
 11029 | D:9      | Found a staircase to the Lair.
 11054 | D:9      | Identified the +10 war axe of the Inferno {flame, rCorr}
 11455 | D:10     | Noticed Urug
 11463 | D:10     | Noticed a two-headed ogre
 11466 | D:10     | Killed a two-headed ogre
 11646 | D:9      | Learned a level 6 spell: Leda's Unmaking
 11756 | D:10     | Killed Urug
 12069 | D:10     | Reached skill level 15 in Spellcasting
 12399 | D:10     | Found a shimmering blue altar of Sif Muna.
 12483 | D:10     | Found a bloodstained altar of Trog.
 12485 | D:10     | Found a snail-covered altar of Cheibriados.
 12527 | D:10     | Noticed a two-headed ogre
 12530 | D:10     | Killed a two-headed ogre
 12531 | D:10     | Reached skill level 5 in Fighting
 12823 | D:10     | Reached *** piety under Vehumet
 12839 | D:10     | Noticed a two-headed ogre
 12849 | D:10     | Killed a two-headed ogre
 13037 | D:11     | Noticed a boulder beetle
 13051 | D:11     | Noticed a two-headed ogre
 13304 | D:11     | Reached skill level 16 in Spellcasting
 13373 | D:11     | Found Miewuit's Antique Armour Boutique.
 13459 | D:11     | Found a staircase to the Orcish Mines.
 13731 | D:11     | Noticed a catoblepas
 13754 | D:11     | Killed a catoblepas
 13755 | D:11     | Reached XP level 12. HP: 52/68 MP: 18/34
 13763 | D:11     | Offered knowledge of Inner Flame by Vehumet.
 13786 | D:11     | Noticed a four-headed hydra
 13799 | D:11     | Killed a two-headed ogre
 13800 | D:11     | Reached skill level 10 in Earth Magic
 13894 | D:11     | Killed a four-headed hydra
 13895 | D:11     | Reached skill level 5 in Armour
 14124 | D:11     | Killed a boulder beetle
 14125 | D:11     | Reached skill level 10 in Conjurations
 14244 | D:11     | Noticed a boulder beetle
 14251 | D:11     | Killed a boulder beetle
 14593 | D:12     | Reached skill level 17 in Spellcasting
 15059 | D:12     | Noticed Rupert
 15375 | D:12     | Killed Rupert
 15687 | D:12     | Reached **** piety under Vehumet
 15956 | D:12     | Found a white marble altar of Elyvilon.
 16092 | D:13     | Noticed a centaur warrior
 16092 | D:13     | Found a runed translucent gate.
 16095 | D:13     | Noticed a catoblepas
 16096 | D:13     | Killed a centaur warrior
 16315 | D:13     | Killed a catoblepas
 16316 | D:13     | Reached skill level 18 in Spellcasting
 16443 | D:13     | Noticed a centaur warrior
 16447 | D:13     | Killed a centaur warrior
 16691 | D:13     | Found a runed translucent gate.
 16691 | D:13     | Found a runed translucent gate.
 16695 | D:13     | Noticed innerfire43's ghost (journeyman DsMo)
 16720 | D:13     | Noticed a two-headed ogre
 16725 | D:13     | Killed a two-headed ogre
 16726 | D:13     | Reached XP level 13. HP: 69/72 MP: 9/37
 16901 | D:13     | Offered knowledge of Irradiate by Vehumet.
 16919 | D:13     | Learned a level 5 spell: Irradiate
 17279 | D:13     | Killed innerfire43's ghost
 17825 | D:14     | Found a frozen archway.
 17825 | D:14     | Noticed an azure jelly
 17831 | D:14     | Killed an azure jelly
 17832 | D:14     | Reached skill level 1 in Necromancy
 17832 | D:14     | Reached skill level 1 in Evocations
 17844 | D:14     | Reached skill level 1 in Transmutations
 17844 | IceCv    | Entered an ice cave
 17873 | IceCv    | Killed from afar by an ice dragon

Illustrated notes

Levels and vault maps discovered:
D:1:      spicycebolla_arrival_clurvy, layout_loops_cross, minmay_circled_x
D:2:      layout_loops_corners
D:3:      layout_basic, hellmonk_no_cap, uniq_grinder
D:4:      layout_rooms, nemelex_diamond_rough_becter,
          minmay_temple_entry_stoned_glass, serial_aquarium,
          aquarium_bridge_square [aquarium_subvault_bridge,
          aquarium_subvault_bridge, aquarium_subvault_window,
          aquarium_subvault_window], aquarium_window_corridor_1,
          aquarium_window_fake, aquarium_window_1, aquarium_view_2e,
          aquarium_view_2f, aquarium_pool_corner, minmay_misc_feat_hallway,
          serial_bayou_pond_c, hangedman_glass_teeth, st_stairs_3, uniq_sigmund
D:5:      layout_basic, okawaru_ov_weapons_minmay, dk_noncrumbling_4,
          grunt_decor_mini_mirrors, nicolae_shop_fire_sale
          [nicolae_sub_dead_trees], minivault_4, hangedman_decor_opposing,
          grunt_decor_one_mirror
D:6:      layout_basic, lemuel_crystal_altar, serial_shops, shop,
          due_unseen_surprise, uniq_crazy_yiuf_cottage
D:7:      layout_cave_pools, mainiacjoe_overflow_six_doors_small,
          mainiacjoe_overflow_small_starburst, cheibrodos_ashenzari_chains,
          minmay_increasing_density, uniq_duvessa, uniq_maggie
D:8:      layout_basic, serial_shops, shop, uniq_gastronok, uniq_psyche,
          uniq_grum, uniq_amaemon
D:9:      layout_long_grid, lemuel_round_altar, dpeg_oklobed_lair
D:10:     layout_basic, lemuel_crystal_altar,
          mainiacjoe_overflow_catwalk_spiral, minmay_ruffians, uniq_urug
D:11:     minmay_s_stair_smasher, layout_rooms, serial_shops,
          nicolae_shop_temple_entry_statues_fountains
D:12:     layout_basic, nicolae_elyvilon_temple_path, uniq_rupert
D:13:     dreamdust_cave_troll, layout_rooms, gammafunk_ghost_necromancy,
          minmay_misc_feat_five
D:14:     layout_roguey, grunt_vaults_entry_fortified, serial_ice, serial_ice_o,
          serial_ice_a, serial_ice_m, serial_ice_n, serial_ice_c, serial_ice_b,
          serial_ice_f, portal_ice_cave_entry_frozen_things
Temple:   minmay_temple_forest_path
IceCv:    ice_cave_small_giant

Skill      XL: |  1  2  3  4  5  6  7  8  9 10 11 12 13 |
---------------+----------------------------------------+-----
Spellcasting   | 5 6 9 10 12 14 16 18 | 18.7
Fighting       | 1 2 4 5 |  5.2
Armour         | 1 2 4 6 |  6.4
Conjurations   | 2 3 4 5 6 8 9 10 11 | 11.3
Dodging        | 3 |  3.2
Stealth        | 3 |  3.2
Poison Magic   | 1 |  1.0
Earth Magic    | 3 5 7 8 9 11 | 11.5
Air Magic      | 1 |  1.0
Necromancy     | 1 |  1.5
Evocations     | 1 |  1.3
Transmutations | 1 |  1.2
Summonings     | |  1.1
Translocations | |  1.1

Action                     |  1- 3 |  4- 6 |  7- 9 | 10-12 | 13-15 || total
---------------------------+-------+-------+-------+-------+-------++-------
  Melee: Dagger            |    23 |       |       |       |       ||    23
         Great sword       |    10 |       |       |       |       ||    10
         Quarterstaff      |       |    32 |   153 |    32 |       ||   217
         War axe           |       |       |       |    43 |     8 ||    51
         Punch             |       |       |       |     1 |       ||     1
   Cast: Magic Dart        |    93 |   107 |    87 |    25 |       ||   312
         Mephitic Cloud    |     3 |     4 |    42 |    33 |     5 ||    87
         Call Imp          |       |     6 |     5 |     3 |     1 ||    15
         Blink             |       |       |     1 |     3 |       ||     4
         Lee's Rapid Decon |       |       |     3 |   139 |    14 ||   156
         Leda's Unmaking   |       |       |       |    44 |    13 ||    57
  Evoke: Wand              |       |       |       |     4 |    11 ||    15
    Use: Scroll            |       |       |       |    13 |     2 ||    15
   Stab: Sleeping          |     1 |       |       |       |       ||     1
         Confused          |       |     1 |    13 |    10 |     2 ||    26
 Armour: Robe              |    10 |    10 |    40 |    11 |       ||    71
         Steam dragon scal |       |       |       |    14 |    10 ||    24
         Swamp dragon scal |       |       |       |       |     2 ||     2
  Dodge: Dodged            |    38 |    23 |   151 |   107 |    45 ||   364

Table legend: (Time is in decaauts)
 A = Elapsed time spent in this place.
 B = Non-inter-level travel time spent in this place.
 C = Inter-level travel time spent in this place.
 D = Time resting spent in this place.
 E = Time spent auto-exploring this place.
 F = Levels seen in this place.
 G = Mean time per level.
                   A        B        C        D        E       F      G
               +--------+--------+--------+--------+--------+-----+--------+
         Total |  18005 |  16821 |   1184 |   1295 |  12936 |  16 | 1125.3 |
       Dungeon |  17436 |  16305 |   1131 |   1134 |  12680 |  14 | 1245.4 |
        Temple |    537 |    485 |     52 |    161 |    256 |   1 |  537.0 |
      Ice Cave |     31 |     31 |      0 |      0 |      0 |   1 |   31.0 |
               +--------+--------+--------+--------+--------+-----+--------+

Top non-repeatable levels by time:
    D:12: 1802 daAuts
    D:10: 1648 daAuts
     D:1: 1548 daAuts
     D:8: 1405 daAuts
     D:3: 1382 daAuts
     D:5: 1369 daAuts
    D:11: 1359 daAuts
     D:6: 1277 daAuts
    D:13: 1265 daAuts
     D:2: 1214 daAuts
     D:7: 1204 daAuts
     D:4: 979 daAuts
     D:9: 941 daAuts
  Temple: 537 daAuts
    D:14: 38 daAuts
